Map: World of Sleepers LE

Players

Acampado (EnDerr)

  • Race: Zerg Zerg
  • Spawn Location: 1:00

Tran (MeomaikA) - Winner!

  • Race: Zerg Zerg
  • Spawn Location: 7:00

Event: SEA Games 2019

VOD

https://www.twitch.tv/videos/517630610?t=06h31m07s

Description

Time

  • Played on: Dec. 6, 2019, 1:24 a.m.
  • Length: 8:46

All games in this series

Show
View Real Time Build Order
Export as new Build Order

Acampado Zerg 

Build Orders: Hatch First 

Get SALT Encoding   

  12  0:00  Drone  
  13  0:12  Overlord  
  13  0:16  Drone  
  14  0:31  Drone x2  
  16  0:50  Hatchery  
  16  0:54  Drone  
  17  0:57  Drone  
  17  1:00  Drone  
  18  1:11  Extractor  
  17  1:16  Spawning Pool  
  16  1:19  Drone  
  16  1:22  Drone  
  18  1:29  Drone  
  19  1:43  Drone  
  20  1:49  Drone  
  21  2:03  Queen x2, Zergling x4  
  27  2:11  Metabolic Boost  
  27  2:14  Overlord  
  27  2:17  Drone  
  28  2:35  Hatchery  
  27  2:37  Drone x2  
  28  2:50  Overlord  
  29  2:51  Zergling x6  
  29  2:58  Zergling x2  
  32  3:00  Queen  
  32  3:03  Zergling x2  
  35  3:10  Zergling x2  
  37  3:12  Zergling x2  
  37  3:14  Zergling x6  
  40  3:20  Zergling x4  
  40  3:22  Zergling x2  
  40  3:25  Zergling x2  
  44  3:31  Overlord  
  44  3:47  Roach Warren  
  43  3:51  Drone x2  
  43  3:52  Drone x2  
  44  3:57  Drone x5  
  41  4:21  Overlord  
  41  4:22  Overlord  
  41  4:28  Roach  
  41  4:29  Roach x4  
  41  4:30  Roach  
  49  4:34  Roach  
  51  4:43  Zergling x14  
  51  4:45  Roach  
  60  4:51  Zergling x2  
  60  4:52  Zergling x6  
  62  4:59  Zergling x4  
  58  5:01  Zergling x2  
  58  5:02  Zergling x2  
  58  5:03  Zergling x2  
  54  5:12  Zergling x2  
  50  5:14  Zergling x2  
  50  5:15  Queen  
  50  5:17  Zergling x6  
  50  5:19  Drone  
  53  5:22  Zergling x2  
  53  5:25  Drone x2  
  56  5:29  Drone x2  
  58  5:37  Drone x3  
  58  5:41  Overlord  
  61  5:42  Extractor  
  61  5:45  Overlord  
  60  5:53  Roach x2  
  60  5:55  Roach  
  65  5:58  Roach  
  65  6:02  Roach  
  69  6:06  Roach  
  69  6:09  Queen  
  69  6:10  Roach x2  
  77  6:16  Roach  
  79  6:19  Roach  
  79  6:22  Roach  
  79  6:25  Queen  
  83  6:27  Roach  
  83  6:29  Overlord  
  83  6:31  Roach  
  89  6:43  Roach  
  90  6:48  Overlord  
  90  6:49  Zergling x2  
  90  6:50  Zergling x8  
  90  6:53  Zergling x2  
  96  6:58  Zergling x4  
  96  6:59  Overlord  
  98  7:06  Overlord  
  98  7:11  Zergling x2  
  98  7:12  Zergling x2  
  98  7:13  Zergling x2  
  98  7:14  Zergling x2  
  93  7:18  Zergling x8  
  92  7:26  Zergling x4  
  92  7:27  Zergling x2  
  93  7:34  Zergling x2  
  93  7:35  Zergling x2  
  85  7:39  Roach x5, Evolution Chamber  
  85  7:40  Roach  
  85  7:42  Roach  
  82  7:45  Roach  
  82  7:50  Roach  
  70  7:53  Roach, Spine Crawler  
  70  7:58  Roach x2  
  74  8:00  Roach  
  74  8:04  Roach  
  78  8:06  Roach  
  78  8:09  Roach  
  72  8:13  Roach, Zergling x2  
  72  8:16  Zergling x2  
  72  8:17  Zergling x2  
  72  8:19  Zergling x2  
  72  8:20  Zergling x2  
  72  8:23  Zergling x2  
  72  8:25  Zergling x4  
Show
View Real Time Build Order
Export as new Build Order

Tran Zerg - Winner!

Build Orders: Pool First 

Get SALT Encoding   

  12  0:00  Drone  
  13  0:08  Drone  
  14  0:16  Overlord  
  14  0:24  Extractor, Drone  
  15  0:34  Drone x2  
  17  0:45  Spawning Pool  
  17  0:46  Drone  
  18  1:04  Drone  
  18  1:10  Hatchery  
  17  1:12  Extractor  
  17  1:15  Drone  
  17  1:31  Queen  
  17  1:32  Zergling x4  
  21  1:37  Drone  
  22  1:47  Overlord  
  22  2:08  Queen, Drone  
  23  2:10  Drone  
  23  2:13  Metabolic Boost  
  26  2:21  Drone  
  26  2:22  Queen, Drone  
  30  2:32  Drone  
  30  2:33  Drone  
  31  2:39  Drone  
  31  2:42  Drone  
  31  2:43  Drone x2  
  34  2:45  Drone  
  35  2:53  Overlord  
  35  2:55  Drone  
  36  3:01  Roach Warren  
  36  3:05  Drone  
  36  3:09  Overlord  
  36  3:14  Drone x3  
  36  3:16  Zergling x2  
  36  3:18  Zergling x2  
  41  3:20  Zergling x2  
  41  3:21  Zergling x2  
  43  3:27  Queen  
  43  3:29  Zergling x2  
  43  3:31  Zergling x2  
  47  3:38  Zergling x2  
  48  3:41  Roach  
  48  3:43  Roach  
  52  3:53  Roach  
  52  3:55  Roach  
  51  3:56  Zergling x2, Overlord  
  52  4:05  Roach, Zergling x2  
  52  4:07  Zergling x4  
  52  4:09  Zergling x2  
  52  4:11  Zergling x2  
  52  4:12  Zergling x2  
  52  4:15  Zergling x2  
  52  4:16  Ravager  
  54  4:18  Zergling x2  
  54  4:21  Zergling x2  
  56  4:27  Zergling x2  
  56  4:29  Zergling x2  
  58  4:32  Zergling x2  
  58  4:36  Overlord  
  59  4:41  Overlord  
  59  4:42  Extractor, Zergling x2  
  59  4:47  Lair  
  59  4:50  Zergling x2  
  59  4:51  Zergling x2  
  59  4:53  Zergling x2  
  59  4:55  Zergling x2  
  59  4:56  Zergling x2  
  59  4:57  Zergling x2  
  60  5:04  Zergling x2  
  60  5:05  Zergling x2  
  58  5:09  Ravager, Zergling x2  
  58  5:10  Zergling x4  
  55  5:15  Zergling x2  
  55  5:17  Zergling x2  
  54  5:28  Roach x2  
  51  5:35  Hatchery  
  50  5:37  Roach  
  50  5:38  Roach x2  
  50  5:39  Roach  
  60  5:42  Roach  
  60  5:48  Glial Reconstitution  
  60  5:51  Roach  
  60  5:55  Roach  
  64  5:59  Roach  
  66  6:04  Roach  
  68  6:11  Roach  
  68  6:16  Roach  
  68  6:18  Queen, Overlord  
  72  6:19  Zergling x4  
  74  6:32  Zergling x2, Overlord  
  75  6:34  Overlord  
  75  6:41  Roach  
  75  6:42  Roach  
  75  6:44  Roach x2  
  84  6:47  Roach  
  84  6:57  Roach  
  84  6:58  Roach  
  84  6:59  Roach  
  90  7:03  Zergling x4  
  90  7:04  Zergling x4  
  90  7:05  Zergling x2  
  94  7:09  Zergling x2  
  94  7:13  Zergling x2  
  94  7:15  Zergling x2  
  85  7:19  Zergling x2  
  85  7:24  Zergling x2  
  85  7:26  Zergling x2  
  85  7:27  Queen  
  85  7:29  Zergling x2  
  89  7:32  Zergling x4  
  89  7:33  Zergling x2  
  89  7:35  Zergling x2  
  86  7:37  Zergling x2  
  86  7:40  Zergling x2  
  77  7:46  Ravager, Zergling x2  
  77  7:47  Ravager  
  77  7:48  Zergling x2  
  77  7:49  Ravager  
  80  7:51  Zergling x2  
  80  7:57  Zergling x2  
  80  7:58  Zergling x2  
  82  8:01  Zergling x2  
  83  8:08  Zergling x2  
  83  8:09  Zergling x2  
  83  8:12  Zergling x2  
  80  8:18  Zergling x2  
  79  8:20  Zergling x2  
  79  8:23  Zergling x4  
  79  8:24  Zergling x4  
Tags
 
Add a new tag
Caveats
  • Supply blocks, unpowered buildings, or Contaminate may cause inaccurate times.
  • Supply counts are checked every 10 seconds.